 Dungeon Crawl Stone Soup version 0.27-a0-1196-g3e9cee4cb2 (webtiles) character file.

Game seed: 5208439518722379725

147 hilljack the Chiller (level 5, -2/30 HPs)
             Began as a Gargoyle Ice Elementalist on May 29, 2021.
             Was a Follower of Sif Muna.
             Slain by a scorpion (5 damage)
             ... on level 4 of the Dungeon.
             The game lasted 00:06:54 (4317 turns).

hilljack the Chiller (Gargoyle Ice Elementalist)    Turns: 4317, Time: 00:06:54

Health: -2/30      AC:  6    Str: 11      XL:     5   Next: 29%
Magic:  9/9        EV: 12    Int: 16 (17) God:    Sif Muna [*.....]
Gold:   132        SH:  0    Dex:  7 (10) Spells: 5/9 levels left

rFire    . . .     SeeInvis .   i - +3 dagger
rCold    . . .     Faith    .   (no shield)
rNeg     + . .     Spirit   .   a - +0 robe
rPois    ∞         Reflect  .   (no helmet)
rElec    +         Harm     .   (no cloak)
rCorr    .         Rampage  .   (no gloves)
Will     +....                  (no boots)
Stlth    ++........             (no amulet)
HPRegen  0.10/turn              j - ring of willpower
MPRegen  0.11/turn              (no ring)

@: about to teleport
A: sickness immunity, AC +4, negative energy resistance 1, electricity
resistance, torment resistance 1, petrification resistance
a: Renounce Religion, Channel Magic


You were on level 4 of the Dungeon.
You worshipped Sif Muna.
Sif Muna was aware of your devotion.
You visited 1 branch of the dungeon, and saw 4 of its levels.

You collected 132 gold pieces.

Inventory:

Hand Weapons
 b - a +0 dagger of venom
 i - a +3 dagger (weapon)
Missiles
 e - 10 poisoned darts (quivered)
Armour
 a - a +0 robe (worn)
Jewellery
 j - a ring of willpower (left hand)
Scrolls
 d - 5 scrolls of identify {unknown}
Potions
 g - 2 potions of magic


   Skills:
 + Level 2.1 Fighting
 + Level 2.1 Armour
 + Level 2.4 Dodging
 - Level 2.1 Stealth
 + Level 2.8 Spellcasting
 + Level 4.5 Ice Magic


You had 5 spell levels left.
You knew the following spells:

 Your Spells              Type           Power      Damage    Failure   Level
a - Freeze                Ice            64%        1d8       3%          1
b - Frozen Ramparts       Ice            32%        1d5       9%          3

Your spell library contained the following spells:

 Spells                   Type           Power      Damage    Failure   Level
 Ozocubu's Armour         Ice            16%        N/A       9%          3
 Hailstorm                Conj/Ice       9%         3d4       58%         4
 Metabolic Englaciation   Hex/Ice        4%         N/A       91%         5


Dungeon Overview and Level Annotations

Branches:
Dungeon (4/15)
 Temple: D:4-7

Altars:
Ashenzari
Gozag
Sif Muna
Trog

Shops:
D:3 (


Innate Abilities, Weirdness & Mutations

You are immune to sickness and miasma.
Your stone body is resilient. (AC +4)
You are immune to poison.
You resist negative energy. (rN+)
You are resistant to electric shocks. (rElec)
You are resistant to unholy torment.
You are immune to petrification.


Message History

You hit the scorpion.
The scorpion is severely wounded.
The scorpion closely misses you.
You hit the scorpion.
The scorpion is severely wounded.
The scorpion stings you.
You hit the scorpion but do no damage.
The scorpion is severely wounded.
The scorpion stings you.
You hit the scorpion.
The scorpion is severely wounded.
The scorpion stings you.
The scorpion stings you but does no damage.
You are too injured to fight recklessly!
You are too injured to fight recklessly!
You are too injured to fight recklessly!
You are too injured to fight recklessly!
You are too injured to fight recklessly!
You are too injured to fight recklessly!
Throw: 11 darts (poison)
Press: ? - help, Q - select action, (/) - cycle Shift-Dir - straight line, f/p - scorpion
Aim: a scorpion (severely wounded, 52% to hit)
You throw a poisoned dart.
The poisoned dart closely misses the scorpion.
The scorpion stings you!
* * * LOW HITPOINT WARNING * * *
Okay, then.
As you read the scroll labelled YHODENLARIAR, it crumbles to dust.
You hear a loud clanging noise!
It was a scroll of noise.
You hear a shout!
You hear an angry hiss.
The scorpion stings you but does no damage.
As you read the scroll labelled ACHAIR RIULI, it crumbles to dust.
You feel strangely unstable.
It was a scroll of teleportation.
The scorpion closely misses you. The scorpion stings you.
* * * LOW HITPOINT WARNING * * *
There is a stone staircase leading up here.
The scorpion stings you.
You die...

##?.#.#..####
.....[.....
#..#...(.#
#........
#......# #
#......#.###
#...........
##.###s...#.###
#.....@........
##.#.##>.##....
.(. .........
#.(. .........
##.. .#.###..#.
#. .#.# ..# #.
..#.# .# .#


You could see a scorpion.

Vanquished Creatures
  2 orc priests
  An orc wizard (D:3)
  An adder (D:3)
  2 dart slugs
  3 orcs
  6 endoplasms
  A giant cockroach (D:2)
  3 goblins
  2 hobgoblins
  4 jackals (D:2)
  3 quokkas
  2 ball pythons (D:2)
  2 bats
  6 frilled lizards
  3 kobolds
  4 rats
45 creatures vanquished.

Notes
Turn   | Place    | Note
-------+----------+-------------------------------------------
     0 | D:1      | hilljack the Gargoyle Ice Elementalist began the quest for
                  | the Orb.
     0 | D:1      | Reached XP level 1. HP: 10/10 MP: 3/3
   494 | D:1      | Reached XP level 2. HP: 11/16 MP: 5/5
  1367 | D:2      | Found a faded altar of an unknown god.
  1375 | D:2      | Became a worshipper of Sif Muna the Loreminder
  1375 | D:2      | Reached * piety under Sif Muna
  1460 | D:2      | Reached skill level 1 in Fighting
  1460 | D:2      | Reached skill level 1 in Armour
  1472 | D:2      | Reached XP level 3. HP: 17/20 MP: 6/6
  1611 | D:2      | Learned a level 3 spell: Frozen Ramparts
  2589 | D:3      | Found a broken altar of Ashenzari.
  2968 | D:2      | Reached XP level 4. HP: 17/25 MP: 1/7
  3672 | D:3      | Reached XP level 5. HP: 23/30 MP: 9/9
  3790 | D:3      | Found Geeli's Antique Weapon Boutique.
  3922 | D:3      | Found an opulent altar of Gozag.
  3948 | D:3      | Found a bloodstained altar of Trog.
  4317 | D:4      | Slain by a scorpion

Illustrated notes

Levels and vault maps discovered:
D:1:      minmay_arrival_semitransparent, layout_basic, lemuel_old_faithful
D:2:      layout_basic, ebering_ecumenical_altar_box, nrook_uturn,
          minmay_misc_feat_more_columns
D:3:      layout_rooms, grunt_gozag_statues, cheibrodos_ashenzari_chains,
          trog_three_pillars_becter, serial_shops,
          nicolae_shop_overgrown_old_shop, hangedman_decor_clover_reticule,
          grunt_ministairs_10, kennysheep_generic_room_12
D:4:      layout_basic, general_overflow_altar, minmay_temple_entry_wispy,
          uniq_edmund

Skill      XL: |  1  2  3  4 |
---------------+-------------+-----
Fighting       | 1 2 |  2.1
Armour         | 1 2 |  2.1
Dodging        | 2 |  2.4
Stealth        | |  2.1
Spellcasting   | |  2.8
Ice Magic      | |  4.5

Action                   |  1- 3 |  4- 6 || total
-------------------------+-------+-------++-------
Melee: Unarmed           |    35 |       ||    35
       Scimitar          |    11 |       ||    11
       Dagger            |    61 |    64 ||   125
Throw: Dart              |     1 |     3 ||     4
 Cast: Freeze            |    13 |       ||    13
  Use: Potion            |     4 |     1 ||     5
       Scroll            |       |     2 ||     2
 Stab: Sleeping          |     5 |       ||     5
Armor: Robe              |    33 |    19 ||    52
Dodge: Dodged            |    84 |    31 ||   115
       Rpst.: Scimitar   |     3 |       ||     3

Table legend: (Time is in decaauts)
 A = Elapsed time spent in this place.
 B = Non-inter-level travel time spent in this place.
 C = Inter-level travel time spent in this place.
 D = Time resting spent in this place.
 E = Time spent auto-exploring this place.
 F = Levels seen in this place.
 G = Mean time per level.
                   A        B        C        D        E       F      G
               +--------+--------+--------+--------+--------+-----+--------+
         Total |   4328 |   4256 |     72 |   1616 |   2132 |   4 | 1082.0 |
       Dungeon |   4328 |   4256 |     72 |   1616 |   2132 |   4 | 1082.0 |
               +--------+--------+--------+--------+--------+-----+--------+

Top non-repeatable levels by time:
     D:2: 2305 daAuts
     D:1: 1229 daAuts
     D:3: 778 daAuts
     D:4: 15 daAuts
